 Dungeon Crawl Stone Soup version 0.26-a0-812-g31a745ddcd (webtiles) character file.

Game seed: 17612581501653350261

336 kae the Ruffian (level 6, -7/50 HPs)
             Began as a Draconian Transmuter on Nov 24, 2020.
             Mangled by a gnoll
             ... wielding a +1 whip of electrocution
              (12 damage)
             ... on level 3 of the Dungeon.
             The game lasted 00:02:45 (3664 turns).

kae the Ruffian (Draconian Transmuter)              Turns: 3664, Time: 00:02:46

Health: -7/50      AC:  6    Str: 14    XL:     6   Next: 28%
Magic:  8/10       EV: 13    Int: 13    God:
Gold:   116        SH:  0    Dex: 12    Spells: 6/10 levels left

rFire    . . .     SeeInvis .     - Unarmed
rCold    . . .     Faith    .   (no shield)
rNeg     . . .     Spirit   .   (armour unavailable)
rPois    .         Reflect  .   (helmet restricted)
rElec    .         Harm     .   i - scarf {repulsion}
rCorr    .         Rampage  .   (no gloves)
MR       .....                  (no boots)
Stlth    +.........             (no amulet)
HPRegen  0.16/turn              d - ring of wizardry
MPRegen  0.12/turn              (no ring)

@: repel missiles
A: unfitting armour, cold-blooded, AC +6
a: no special abilities


You were on level 3 of the Dungeon.
You visited 1 branch of the dungeon, and saw 3 of its levels.

You collected 116 gold pieces.

Inventory:

Armour
 i - a scarf of repulsion (worn)
Jewellery
 d - a ring of wizardry (left hand)
 j - an uncursed ring of stealth
 m - an uncursed ring of wizardry
Wands
 e - a wand of flame (9)
Scrolls
 b - a scroll of immolation {unknown}
 c - a scroll of blinking {unknown}
 k - a scroll of fog
 l - a scroll of identify
Potions
 f - a potion of curing
 g - a potion of haste


   Skills:
 + Level 2.5 Fighting
 + Level 2.8 Dodging
 * Level 4.5 Unarmed Combat
 + Level 2.9 Spellcasting
 * Level 3.9 Transmutations


You had 6 spell levels left.
You knew the following spells:

 Your Spells              Type           Power        Failure   Level
a - Beastly Appendage     Tmut           ##....       1%          1
b - Spider Form           Tmut/Pois      #.........   12%         3

Your spell library contained the following spells:

 Spells                   Type           Power        Failure   Level
 Wereblood                Tmut           ##......     2%          2
 Ice Form                 Ice/Tmut       #.......     38%         4
 Blade Hands              Tmut           ##........   45%         5


Dungeon Overview and Level Annotations

Branches:
Dungeon (3/15)

Altars:
Dithmenos
Ru


Innate Abilities, Weirdness & Mutations

Your plain brown scales are hard. (AC +6)
You cannot fit into any form of body armour.
You are cold-blooded and may be slowed by cold attacks.


Message History

You are electrocuted!
* * * LOW HITPOINT WARNING * * *
The gnoll barely misses you.
Your transformation is almost over.
You see here a jackal skeleton.
It was a potion of might.
You feel very mighty all of a sudden.
Your transformation has ended.
Your scarf of repulsion unmelds from your body.
You are surrounded by a repulsion field.
The gnoll hits you with a +1 whip of electrocution.
* * * LOW HITPOINT WARNING * * *
The gnoll hits you but does no damage.
It was a potion of cancellation.
Your magical effects are unravelling.
You feel magically purged.
You feel a little less mighty now.
The gnoll hits you with a +1 whip of electrocution.
* * * LOW HITPOINT WARNING * * *
You are electrocuted!
You die...

#.#.≈≈≈..P.# #.#.≈≈≈....#
#'###≈≈....#
###################...#≈≈P...#
..................#ggg#≈≈....#
≈≈≈≈≈≈≈≈≈≈≈≈≈≈≈≈≈≈#####≈≈....#
≈≈≈≈≈≈≈≈≈≈≈≈≈≈≈≈≈≈≈≈≈≈≈≈≈....#
≈≈≈†≈≈≈≈≈≈≈≈≈≈≈≈≈≈≈≈≈≈≈≈≈....#
..†............g@.......P....#
...............g..÷..........#
##############################


You could see 3 gnolls.

Vanquished Creatures
  Sigmund (D:3)
  An orc wizard (D:3)
  Robin (D:3)
  A howler monkey zombie (D:3)
  3 adders
  2 worms
  3 dart slugs (D:1)
  3 leopard geckos
  5 orcs
  2 ball pythons
  8 bats
  A giant cockroach (D:1)
  18 goblins
  6 hobgoblins
  13 jackals
  5 kobolds
  4 frilled lizards
  3 rats
80 creatures vanquished.

Vanquished Creatures (others)
  2 plants (D:3)
2 creatures vanquished.

Grand Total: 82 creatures vanquished

Notes
Turn   | Place    | Note
-------+----------+-------------------------------------------
     0 | D:1      | kae the Draconian Transmuter began the quest for the Orb.
     0 | D:1      | Reached XP level 1. HP: 16/16 MP: 3/3
   246 | D:1      | Reached XP level 2. HP: 22/23 MP: 3/5
   586 | D:1      | Reached XP level 3. HP: 28/28 MP: 4/6
   591 | D:1      | Learned a level 3 spell: Spider Form
   927 | D:2      | Found a shadowy altar of Dithmenos.
  1777 | D:3      | Reached XP level 4. HP: 31/36 MP: 7/7
  2150 | D:3      | Noticed Sigmund
  2453 | D:3      | Killed Sigmund
  2453 | D:3      | Reached skill level 4 in Unarmed Combat
  2453 | D:3      | Reached XP level 5. HP: 24/42 MP: 5/9
  2669 | D:3      | Reached XP level 6. HP: 43/50 MP: 8/10
  2820 | D:3      | Noticed Robin
  2834 | D:3      | Killed Robin
  3104 | D:3      | Found a sacrificial altar of Ru.
  3664 | D:3      | Mangled by a gnoll

Illustrated notes

Levels and vault maps discovered:
D:1:      lightli_arrival_boilingwater, layout_rooms
D:2:      layout_loops_ring, nicolae_dithmenos_shadow_blocks
D:3:      lemuel_castle_with_subvaults [lemuel_castle_interior_carwin_3],
          layout_basic, nicolae_ru_sacrificial_ziggurat, dk_noncrumbling_2,
          nrook_mini_vaults, uniq_robin, uniq_sigmund

Skill      XL: |  1  2  3  4 |
---------------+-------------+-----
Dodging        | 2 |  2.8
Transmutations | 3 |  3.9
Fighting       | 2 |  2.5
Unarmed Combat | 4 |  4.5
Spellcasting   | |  2.9

Action                   |  1- 3 |  4- 6 || total
-------------------------+-------+-------++-------
Melee: Unarmed           |   142 |   138 ||   280
       Tailslap          |    10 |     5 ||    15
       Headbutt          |    17 |     4 ||    21
       Kick              |    15 |     3 ||    18
 Cast: Beastly Appendage |    18 |     4 ||    22
       Spider Form       |     1 |    13 ||    14
  Use: Scroll            |     6 |       ||     6
       Potion            |       |     2 ||     2
 Stab: Sleeping          |     1 |     1 ||     2
Armor: Skin              |    59 |    39 ||    98
Dodge: Dodged            |   123 |   165 ||   288

Table legend: (Time is in decaauts)
 A = Elapsed time spent in this place.
 B = Non-inter-level travel time spent in this place.
 C = Inter-level travel time spent in this place.
 D = Time resting spent in this place.
 E = Time spent auto-exploring this place.
 F = Levels seen in this place.
 G = Mean time per level.
                   A        B        C        D        E       F      G
               +--------+--------+--------+--------+--------+-----+--------+
         Total |   3657 |   3642 |     15 |    592 |   2364 |   3 | 1219.0 |
       Dungeon |   3657 |   3642 |     15 |    592 |   2364 |   3 | 1219.0 |
               +--------+--------+--------+--------+--------+-----+--------+

Top non-repeatable levels by time:
     D:3: 1452 daAuts
     D:2: 1325 daAuts
     D:1: 880 daAuts
